 Dungeon Crawl Stone Soup version 0.25.1-2-g60ff931df9 (webtiles) character file.

Game seed: 7266660876599604823

432970 Gunterle the Fetichist (level 22, -3/213 HPs)
             Began as a Deep Dwarf Monk on Oct 1, 2020.
             Was the Champion of Makhleb.
             Killed from afar by a tengu reaver (26 damage)
             ... with a bolt of acid
             ... led by Sojobo
             ... on level 2 of the Crypt on Oct 5, 2020.
             The game lasted 04:59:15 (43793 turns).

Gunterle the Fetichist (Deep Dwarf Monk)           Turns: 43793, Time: 04:59:15

Health: -3/213     AC: 25    Str: 27    XL:     22   Next: 87%
Magic:  44/44 (35) EV: 26    Int: 10    God:    Makhleb [******]
Gold:   3921       SH: 20    Dex: 19    Spells: 15/21 levels left

rFire    + + .     SeeInvis +   f - +9 demon trident (elec)
rCold    . . .     Gourm    .   q - +0 kite shield
rNeg     + + +     Faith    .   u - +6 scale mail "Fatil" {Harm *Drain rN++ Regen+}
rPois    +         Spirit   .   P - +2 helmet
rElec    .         Reflect  +   I - +2 cloak of the Thief {+Fog Slay-2 SInv Stlth+}
rCorr    .         Harm     +   g - +1 pair of gloves "Puocsip" {+Fly rF+}
MR       +++..                  Q - +1 pair of boots of the Butcher {rF+ MR- Str+3 Slay+6}
Stlth    ++........             j - amulet of reflection
HPRegen  0.00/turn              T - ring "Icemab" {*Contam rN+ MR+ MP+9 Str+2}
MPRegen  0.29/turn              O - ring "Olet" {*Corrode rPois rN+++ EV+4 Int-4 Dex+4}

@: corroded, very slightly contaminated, non-regenerating, slowed, very slow
A: damage resistance, heal wounds, negative energy resistance 1, sense
surroundings 3, no regeneration
}: 2/15 runes: decaying, serpentine
a: Heal Wounds, Minor Destruction, Lesser Servant of Makhleb, Major Destruction,
Greater Servant of Makhleb, Renounce Religion, Evoke Fog, Evoke Flight


You were on level 2 of the Crypt.
You worshipped Makhleb.
Makhleb was exalted by your worship.
You were not hungry.

You visited 9 branches of the dungeon, and saw 41 of its levels.
You visited the Abyss 1 time.
You also visited: Sewer, Gauntlet, Ice Cave, Volcano and Desolation.

You collected 6662 gold pieces.
You spent 2741 gold pieces at shops.

Inventory:

Hand Weapons
 f - a +9 demon trident of electrocution (weapon)
 h - the +7 broad axe of Dishonesty {speed, rElec Str+4 Dex+5}
   (You bought it in a shop on level 8 of the Dungeon)

   Attacks with this weapon are significantly faster.
   It affects your strength (+4).
   It affects your dexterity (+5).
   It insulates you from electricity.
 G - the +10 broad axe of Casmoeji {freeze, Str+4 SInv}
   (You found it in a Gauntlet)

   It has been specially enchanted to freeze those struck by it, causing extra
   injury to most foes and up to half again as much damage against particularly
   susceptible opponents.
   It can also slow down cold-blooded creatures.
   It affects your strength (+4).
   It lets you see invisible.
 L - the +1 broad axe of Gallantry {flame, rN++ Dex-5}
   (You found it on level 3 of the Lair of Beasts)

   It has been specially enchanted to burn those struck by it, causing extra
   injury to most foes and up to half again as much damage against particularly
   susceptible opponents.
   Big, fiery blades are also staple armaments of hydra-hunters.
   It affects your dexterity (-5).
   It greatly protects you from negative energy.
Missiles
 e - 33 javelins
 F - 14 boomerangs (quivered)
Armour
 g - the +1 pair of gloves "Puocsip" (worn) {+Fly rF+}
   (You took it off Nikola on level 1 of the Snake Pit)

   It protects you from fire.
   It lets you fly.
 q - a +0 kite shield (worn)
 u - the +6 scale mail "Fatil" (worn) {Harm *Drain rN++ Regen+}
   (You found it on level 3 of the Elven Halls)

   It greatly protects you from negative energy.
   It increases your rate of regeneration.
   It causes draining when unequipped.
   It increases damage dealt and taken.
 I - the +2 cloak of the Thief (worn) {+Fog Slay-2 SInv Stlth+}
   (You found it in the Desolation of Salt)

   It affects your accuracy and damage with ranged weapons and melee attacks
   (-2).
   It lets you see invisible.
   It makes you more stealthy.
 P - a +2 helmet (worn)
 Q - the +1 pair of boots of the Butcher (worn) {rF+ MR- Str+3 Slay+6}
   (You found it in the Desolation of Salt)

   It affects your strength (+3).
   It affects your accuracy and damage with ranged weapons and melee attacks
   (+6).
   It protects you from fire.
   It affects your resistance to hostile enchantments.
Jewellery
 j - an amulet of reflection (around neck)
 w - the ring "Qaeviopi" {*Corrode MR++ Str+6 Int+2}
   (You found it in a Gauntlet)

   [ring of strength]

   It affects your strength (+6).
   It affects your intelligence (+2).
   It affects your resistance to hostile enchantments.
   It may corrode you when you take damage.
 x - the ring "Botsuming" {rN+ MR+ AC+4 Int-4 SInv}
   (You found it in the Desolation of Salt)

   [ring of protection]

   It affects your AC (+4).
   It affects your intelligence (-4).
   It protects you from negative energy.
   It affects your resistance to hostile enchantments.
   It lets you see invisible.
 O - the ring "Olet" (right hand) {*Corrode rPois rN+++ EV+4 Int-4 Dex+4}
   (You found it in a Gauntlet)

   [ring of evasion]

   It affects your evasion (+4).
   It affects your intelligence (-4).
   It affects your dexterity (+4).
   It protects you from poison.
   It renders you almost immune to negative energy.
   It may corrode you when you take damage.
 T - the ring "Icemab" (left hand) {*Contam rN+ MR+ MP+9 Str+2}
   (You found it on level 3 of the Elven Halls)

   [ring of magical power]

   It affects your strength (+2).
   It protects you from negative energy.
   It affects your resistance to hostile enchantments.
   It affects your magic capacity (+9).
   It causes magical contamination when unequipped.
Wands
 t - a wand of random effects (28)
 v - a wand of clouds (7)
 D - a wand of digging (31)
 H - a wand of acid (9)
Scrolls
 a - 10 scrolls of identify
 d - 5 scrolls of blinking
 k - 11 scrolls of remove curse
 m - 16 scrolls of teleportation
 n - a scroll of enchant weapon
 s - 6 scrolls of magic mapping
 z - 2 scrolls of summoning
 N - a scroll of silence
 W - 7 scrolls of fog
Potions
 b - 14 potions of flight
 i - 14 potions of heal wounds
 l - a potion of mutation
 o - 2 potions of haste
 p - 2 potions of berserk rage
 A - 2 potions of might
 B - 8 potions of lignification
 C - 3 potions of cancellation
 K - a potion of magic
 M - 4 potions of resistance
 S - a potion of ambrosia
 V - 15 potions of curing
Miscellaneous
 E - a tin of tremorstones (3/3)
 J - a phial of floods
 R - 4 phantom mirrors
 U - 7 boxes of beasts
Comestibles
 c - 77 rations
 r - 2 chunks of flesh


   Skills:
 + Level 16.0 Fighting
 * Level 12.9(16.5) Axes
 - Level 14.7(16.0) Polearms
 + Level 14.5 Throwing
 * Level 17.2 Armour
 + Level 15.2 Dodging
 - Level 3.3 Stealth
 + Level 14.3 Shields
 - Level 1.3 Necromancy
 + Level 17.2 Invocations
 + Level 18.6 Evocations


You had 15 spell levels left.
You knew the following spells:

 Your Spells              Type           Power        Failure   Level  Hunger
a - Vampiric Draining     Necr           #.........   77%         3    ####...
b - Corona                Hex            #......      56%         1    ##.....
c - Passwall              Tmut/Erth      #.......     71%         2    ###....

Your spell library contained the following spells:

 Spells                   Type           Power        Failure   Level  Hunger
 Animate Skeleton         Necr           N/A          38%         1    ##.....
 Pain                     Necr           #...         38%         1    ##.....
 Beastly Appendage        Tmut           #.....       56%         1    ##.....
 Foxfire                  Conj/Fire      #...         56%         1    ##.....
 Magic Dart               Conj           #...         56%         1    ##.....
 Sandblast                Erth           #.....       56%         1    ##.....
 Shock                    Conj/Air       #...         56%         1    ##.....
 Sting                    Tmut/Pois      #...         56%         1    ##.....
 Summon Butterflies       Summ           #.......     56%         1    ##.....
 Blink                    Tloc           N/A          71%         2    ###....
 Call Imp                 Summ           #.......     71%         2    ###....
 Ensorcelled Hibernation  Hex/Ice        #.....       71%         2    ###....
 Poisonous Vapours        Pois/Air       #.....       71%         2    ###....
 Slow                     Hex            #.......     71%         2    ###....
 Sticks to Snakes         Tmut           #.......     71%         2    ###....
 Swiftness                Chrm/Air       #.......     71%         2    ###....
 Confusing Touch          Hex            #.......     91%         3    ####...
 Conjure Flame            Conj/Fire      #.......     91%         3    ####...
 Dazzling Flash           Conj/Hex       #.....       91%         3    ####...
 Gell's Gravitas          Tloc           #.........   91%         3    ####...
 Ignite Poison            Fire/Tmut/Pois #.......     91%         3    ####...
 Inner Flame              Hex/Fire       #.......     91%         3    ####...
 Lesser Beckoning         Tloc           #.........   91%         3    ####...
 Mephitic Cloud           Conj/Pois/Air  #.......     91%         3    ####...
 Portal Projectile        Hex/Tloc       #.....       91%         3    ####...
 Spectral Weapon          Hex/Chrm       #.......     91%         3    ####...
 Spider Form              Tmut/Pois      #.........   91%         3    ####...
 Static Discharge         Conj/Air       #.......     91%         3    ####...
 Stone Arrow              Conj/Erth      #.....       91%         3    ####...
 Summon Guardian Golem    Hex/Summ       #.......     91%         3    ####...
 Teleport Other           Tloc           #.......     91%         3    ####...
 Tukima's Dance           Hex            #.......     91%         3    ####...
 Animate Dead             Necr           N/A          99%         4    #####..
 Airstrike                Air            #.........   100%        4    #####..
 Cause Fear               Hex            #.........   100%        4    #####..
 Ice Form                 Ice/Tmut       #.......     100%        4    #####..
 Leda's Liquefaction      Hex/Erth       #.........   100%        4    #####..
 Olgreb's Toxic Radiance  Pois           #.......     100%        4    #####..
 Petrify                  Tmut/Erth      #.......     100%        4    #####..
 Agony                    Necr           #.......     100%        5    ######.
 Blade Hands              Tmut           #.........   100%        5    ######.
 Bolt of Magma            Conj/Fire/Erth #.........   100%        5    ######.
 Borgnjor's Vile Clutch   Necr/Erth      #.........   100%        5    ######.
 Lee's Rapid Deconstruct  Erth           #.........   100%        5    ######.
 Lightning Bolt           Conj/Air       #.........   100%        5    ######.
 Metabolic Englaciation   Hex/Ice        #.........   100%        5    ######.
 Silence                  Hex/Air        #.........   100%        5    ######.
 Summon Demon             Summ           #.........   100%        5    ######.
 Summon Forest            Summ/Tloc      #.........   100%        5    ######.
 Yara's Violent Unravell  Hex/Tmut       #.........   100%        5    ######.
 Darkness                 Hex            #.........   100%        6    #######
 Freezing Cloud           Conj/Ice/Air   #.........   100%        6    #######
 Iron Shot                Conj/Erth      #.........   100%        6    #######
 Shadow Creatures         Summ           N/A          100%        6    #######
 Statue Form              Tmut/Erth      #........    100%        6    #######
 Dragon Form              Tmut           #.........   100%        7    #######
 Ring of Flames           Chrm/Fire      #.........   100%        7    #######
 Dragon's Call            Summ           #.........   100%        9    #######
 Shatter                  Erth           #.........   100%        9    #######


Dungeon Overview and Level Annotations

Branches:
Dungeon (15/15)            Temple (1/1) D:5            Lair (6/6) D:8
  Swamp (4/4) Lair:3        Snake (4/4) Lair:3        Slime (0/5) Lair:6
    Orc (2/2) D:9             Elf (3/3) Orc:2        Vaults (4/5) D:14
  Crypt (2/3) Vaults:3     Depths (0/5) D:15          Sewer (visited)
  IceCv (visited)         Volcano (visited)         Desolation (visited)
Gauntlet (visited)

Altars:
Dithmenos
Elyvilon
Gozag
Hepliaklqana
Kikubaaqudgha
Makhleb
Ru
Trog
Wu Jian
Xom
Yredelemnul
Zin
The Shining One
Beogh

Shops:
D:8 *   Orc:2 =[(   Snake:3 %[}(

Annotations:
D:3 1 runed translucent door, 1 exclusion, Crazy Yiuf
D:4 Sigmund
D:5 Eustachio
D:10 exclusion: oklob plant
D:12 exclusion: centaur warrior
Lair:1 1 runed translucent door, Harold; Purph's ghost, journeyman MiBe
Swamp:4 1 runed translucent door, Kaiern's ghost, adept HOFi
Vaults:4 exclusion: 4 downstairs
Crypt:2 Sojobo


Innate Abilities, Weirdness & Mutations

You are resistant to damage.
You can heal yourself by infusing magical energy.
You resist negative energy. (rN+)
You passively map a large area around you.
You do not regenerate.


Message History

Send 'em back where they came from!
Your blizzard demon shudders.
Your blizzard demon gestures at the curse skull.
The bolt of cold hits the curse skull!
The curse skull resists.
The curse skull rattles its jaw.
As you read the scroll of teleportation, it crumbles to dust.
You feel strangely unstable.
The phantasmal warrior blinks!
Unknown command.
A phantasmal warrior opens the door.
You block the wight's attack.
The phantasmal warrior hits your blizzard demon!!
Your surroundings suddenly seem different.
Sojobo, Queen of Tengu comes into view.
She is wielding a +1 great sword of electrocution and wearing a +2 scale mail of cold resistance.
Sojobo shouts!
A tengu reaver comes into view. It is wielding a +1 great mace.
The tengu reaver shouts!
Sojobo casts a spell.
A tengu reaver comes into view.
It is wielding a +1 great mace of protection.
The tengu reaver points at you and mumbles some strange words.
The bolt of acid hits you!!
You die...

* #.........#
,, *
...........#
#..........##
*
#..........##
#++##
......###++#
*#....## , **
##......# ,
,* #..QQ.E.#
,, #...QE..#
, * #@..E..#
, ,, ,
+.....## * *
, +....## *
#...## ** *
##++# * ,, *
, * ,, ,, ,


You could see Sojobo (repels missiles), 2 tengu reavers and 3 air elementals.

Vanquished Creatures
  Nikola (Snake:1)
  2 tentacled monstrosities
  2 deep elf master archers (Elf:3)
  3 deep elf blademasters
  A tentacled starspawn (Abyss:2)
  A sphinx (Vaults:2)
  A frost giant (Vaults:4)
  9 nagarajas
  2 fire giants
  6 deep elf sorcerers
  Aizul (Snake:2)
  3 imperial myrmidons (Desolation)
  A curse skull (Crypt:1)
  An orc warlord (Orc:2)
  13 vault wardens
  2 angels (Vaults:1)
  3 deep elf elementalists (Elf:3)
  10 ironheart preservers
  4 entropy weavers
  5 very ugly things
  7 stone giants
  A green draconian (Abyss:2)
  4 deep elf demonologists (Elf:3)
  2 halazid warlocks (Desolation)
  3 vampire knights
  A minotaur (Gauntlet)
  8 deep elf annihilators
  A white draconian (Abyss:2)
  5 deep elf death magi
  3 eidola
  A death ooze (Gauntlet)
  2 ettins
  2 great orbs of eyes (Vaults:4)
  2 green deaths (Swamp:4)
  7 jiangshi (Crypt:1)
  4 deep elf high priests
  4 yaktaur captains
  9 servants of whispers (Desolation)
  3 fire dragons
  16 naga warriors
  A crystal guardian (Desolation)
  7 peacekeepers (Desolation)
  The ghost of diiiiiane the Thaumaturge, a journeyman DEFE of Sif Muna (Orc:2)
  A hell beast (Gauntlet)
  6 vault guards
  17 hydras
  7 ragged hierophants (Desolation)
  An ice dragon (Vaults:3)
  A ghost crab (Swamp:3)
  12 alligators
  9 centaur warriors
  11 ogre magi
  3 shambling mangroves
  34 two-headed ogres
  22 dancing weapons
  A tengu warrior (D:13)
  7 anacondas
  4 death knights
  2 vampire magi (Crypt:1)
  3 thrashing horrors
  A deep troll earth mage (Vaults:2)
  29 naga sharpshooters
  4 orc high priests
  A hell knight (D:15)
  26 deep elf knights
  Sonja (Lair:2)
  2 large abominations
  13 shock serpents
  10 spriggans
  A shadow wraith (Vaults:3)
  14 skeletal warriors
  4 unseen horrors
  3 salamander mystics
  7 wizards
  4 flayed ghosts
  4 spriggan druids
  5 phantasmal warriors
  5 deep trolls
  A shadow demon (Abyss:2)
  15 ironbrand convokers
  2 lindwurms (shapeshifter)
  11 naga ritualists
  9 swamp dragons
  8 harpies
  3 anaconda skeletons (Volcano)
  3 necromancers
  9 deep elf archers
  5 mana vipers
  17 orc knights
  6 orc sorcerers
  7 wolf spiders
  8 cyclopes
  69 deep elf magi
  An oklob plant (Lair:1)
  44 ugly things
  An iron dragon skeleton (Crypt:2)
  2 frost giant zombies (Crypt:1)
  A moth of wrath (Orc:2)
  6 salamanders
  A salamander (shapeshifter) (Vaults:2)
  6 elephants (Lair:6)
  2 ice statues
  A moth of wrath (shapeshifter) (D:15)
  12 vault sentinels
  A rust devil (Abyss:2)
  An elephant (shapeshifter) (D:11)
  A stone giant skeleton (Crypt:1)
  Maggie (D:10)
  A torpor snail (shapeshifter) (Vaults:4)
  An apocalypse crab (Abyss:2)
  6 guardian serpents
  27 naga magi
  3 orange demons (Swamp:4)
  A smoke demon (Abyss:2)
  20 spiny frogs
  Maurice (D:9)
  2 molten gargoyles (Desolation)
  A torpor snail (Lair:6)
  A black mamba (shapeshifter) (D:14)
  49 black mambas
  5 centaur zombies
  7 gargoyles
  3 rime drakes
  3 kobold demonologists
  2 efreet (Abyss:2)
  4 ice devils
  35 yaktaurs
  10 freezing wraiths
  8 komodo dragons
  A tengu conjurer (D:13)
  An iron troll zombie (Crypt:1)
  A yellow draconian skeleton (Crypt:2)
  9 polar bears (Lair:6)
  3 guardian mummies (Crypt:1)
  68 saltlings (Desolation)
  A meliai (shapeshifter) (Vaults:2)
  9 trolls
  A jumping spider (Gauntlet)
  20 hornets
  A catoblepas skeleton (Crypt:1)
  A shadow dragon simulacrum (Crypt:2)
  20 blink frogs
  A wind drake (shapeshifter) (D:13)
  13 tyrant leeches
  A queen bee (shapeshifter) (D:13)
  2 harpy skeletons (Volcano)
  3 basilisks
  2 dream sheep (D:14)
  11 bog bodies
  A raiju (Lair:6)
  2 meliai zombies
  8 hippogriffs
  A blink frog (shapeshifter) (Abyss:2)
  A human simulacrum (Vaults:1)
  2 air elementals
  9 shadows
  66 slime creatures
  2 alligator skeletons (Volcano)
  3 flying skulls (Volcano)
  7 redbacks
  5 water elementals
  A yak (shapeshifter) (Vaults:3)
  11 yaks
  6 wraiths
  2 wyverns
  5 fire elementals
  A yaktaur simulacrum (Vaults:1)
  11 vampire mosquitoes
  3 steam dragons (Lair:6)
  11 wargs
  6 acid dragons
  18 water moccasins
  46 nagas
  23 swamp worms
  2 soldier ants
  3 porcupines
  A spiny frog zombie (Crypt:2)
  14 hell hounds (Lair:6)
  A sky beast (shapeshifter) (D:13)
  13 black bears
  An ettin simulacrum (Crypt:1)
  44 orc warriors
  10 swamp drakes
  2 eyes of draining
  A fire dragon simulacrum (Crypt:2)
  35 ogres
  2 phantoms
  5 sky beasts
  3 boggarts (Vaults:1)
  A necrophage (D:14)
  5 ice beasts
  21 wolves
  16 crocodiles
  14 centaurs
  A crocodile (shapeshifter) (Vaults:4)
  A small abomination (Abyss:2)
  A torpor snail zombie (Crypt:2)
  5 big kobolds
  A wyvern zombie (D:11)
  25 bullfrogs
  2 gnoll sergeants
  2 earth elementals (Elf:1)
  A wyvern skeleton (D:11)
  2 scorpions
  A killer bee (D:9)
  A troll skeleton (Volcano)
  5 wights
  2 electric eels
  5 howler monkeys (D:14)
  6 crimson imps
  A wolf skeleton (Crypt:1)
  2 bullfrog zombies
  A bullfrog skeleton (D:9)
  12 hounds
  A gnoll shaman (D:7)
  34 orc priests
  A human zombie (Crypt:1)
  5 jellies
  45 orc wizards
  4 centaur skeletons
  A human skeleton (Crypt:1)
  4 iguanas
  7 worker ants
  A bullfrog simulacrum (D:13)
  3 naga skeletons (Volcano)
  2 acid dragon skeletons
  2 hound zombies
  5 mummies (Crypt:1)
  A worker ant zombie (D:8)
  7 gnolls
  17 adders
  2 shadow imps
  A swamp drake skeleton (Crypt:1)
  6 white imps (IceCv)
  8 ufetubi (IceCv)
  2 oozes
  An adder skeleton (D:5)
  A worm (D:2)
  4 dart slugs
  6 leopard geckos
  116 orcs
  8 giant cockroaches
  9 goblins
  4 hobgoblins
  13 jackals
  9 kobolds
  6 quokkas
  3 ball pythons
  6 bats
  13 frilled lizards
  A jackal skeleton (D:4)
  A leopard gecko skeleton (D:8)
  8 rats
  5 crawling corpses
  A fungus (D:3)
  A plant (D:1)
1950 creatures vanquished.

Vanquished Creatures (collateral kills)
  An unseen horror (D:13)
  An orc sorcerer (Orc:1)
  An elephant (D:8)
  A freezing wraith (D:13)
  A vampire (D:13)
  A yak (D:14)
  An orc warrior (Orc:1)
  A bullfrog (D:8)
  4 killer bees (D:9)
  4 orc priests (Orc:1)
  An orc wizard (Orc:1)
  A worker ant (D:9)
  4 gnolls
  An adder (Sewer)
  6 orcs (Orc:1)
  2 giant cockroaches (Sewer)
31 creatures vanquished.

Vanquished Creatures (others)
  A reaper (IceCv)
  A dancing weapon (Elf:1)
  A deep elf mage (Elf:1)
  A black mamba (Snake:3)
  A yak (D:9)
  A crocodile (D:8)
  A swamp worm (Lair:5)
  An acid dragon (Lair:6)
  A swamp drake (Lair:6)
  A worker ant (D:8)
  2 gnolls (D:11)
  A white imp (IceCv)
  2 ufetubi (IceCv)
  An orc (Orc:1)
  8 plants
  5 starspawn tentacles (Abyss:2)
29 creatures vanquished.

Grand Total: 2010 creatures vanquished

Notes
Turn   | Place    | Note
-------+----------+-------------------------------------------
     0 | D:1      | Gunterle the Deep Dwarf Monk began the quest for the Orb.
     0 | D:1      | Reached XP level 1. HP: 20/20 MP: 1/1
   152 | D:1      | Reached XP level 2. HP: 27/27 MP: 2/2
   657 | D:2      | Reached XP level 3. HP: 26/34 MP: 3/3
   700 | D:3      | Found a hazy altar of Hepliaklqana.
   714 | D:3      | Found an ornate altar of the Wu Jian Council.
   748 | D:3      | Found a shimmering altar of Xom.
   830 | D:2      | Reached XP level 4. HP: 24/42 MP: 4/4
  1153 | D:3      | Found a burning altar of Makhleb.
  1153 | D:3      | Found an opulent altar of Gozag.
  1157 | D:3      | Became a worshipper of Makhleb the Destroyer
  1157 | D:3      | Reached * piety under Makhleb
  1157 | D:3      | Reached ** piety under Makhleb
  1946 | D:2      | Reached skill level 1 in Throwing
  1946 | D:2      | Reached skill level 1 in Armour
  1999 | D:3      | Reached XP level 5. HP: 46/49 MP: 5/5
  2154 | D:3      | Found a shadowy altar of Dithmenos.
  2443 | D:3      | Found a runed translucent door.
  2444 | D:3      | Noticed Crazy Yiuf
  2612 | D:4      | Learned a level 3 spell: Vampiric Draining
  2689 | D:4      | Reached skill level 1 in Invocations
  2689 | D:4      | Reached XP level 6. HP: 56/56 MP: 6/6
  2874 | D:4      | Noticed Sigmund
  2966 | D:4      | Reached *** piety under Makhleb
  2974 | D:5      | Entered Level 5 of the Dungeon
  3041 | D:5      | Noticed Eustachio
  3077 | D:5      | Found a sacrificial altar of Ru.
  3214 | D:5      | Found a staircase to the Ecumenical Temple.
  3219 | Temple   | Entered the Ecumenical Temple
  3342 | D:5      | Found a glowing drain.
  3365 | Sewer    | Entered a sewer
  3482 | Sewer    | Reached skill level 1 in Necromancy
  3570 | Sewer    | Reached XP level 7. HP: 53/63 MP: 8/8
  4418 | D:6      | Reached **** piety under Makhleb
  4418 | D:6      | Reached skill level 5 in Polearms
  4624 | D:6      | Reached XP level 8. HP: 72/72 MP: 10/10
  4735 | D:6      | Reached skill level 5 in Dodging
  4989 | D:6      | Reached skill level 5 in Armour
  5417 | D:7      | You fall into a shaft and drop 1 floor!
  5532 | D:8      | Noticed a hornet
  5543 | D:8      | Killed a hornet
  5600 | D:8      | Noticed a hornet
  5606 | D:8      | Paralysed by a hornet for 2 turns
  5617 | D:8      | Killed a hornet
  5617 | D:8      | Gained mutation: You passively map the area around you.
                  | [Deep Dwarf growth]
  5617 | D:8      | Reached XP level 9. HP: 28/80 MP: 12/12
  5722 | D:8      | Learned a level 1 spell: Corona
  5735 | D:8      | Found a staircase to the Lair.
  5736 | D:8      | Noticed an elephant
  5742 | D:8      | Killed an elephant
  5742 | D:8      | Reached skill level 5 in Fighting
  5835 | D:8      | Reached skill level 5 in Invocations
  5974 | D:8      | Found a white marble altar of Elyvilon.
  5995 | D:8      | Found Enwukood's General Store.
  6005 | D:8      | Bought a potion of haste for 120 gold pieces
  6005 | D:8      | Bought a +2 trident of freezing for 219 gold pieces
  6005 | D:8      | Bought a scroll of identify for 24 gold pieces
  6289 | D:8      | Reached skill level 1 in Evocations
  6489 | D:9      | Noticed Maurice
  6495 | D:9      | Killed Maurice
  6495 | D:9      | Reached skill level 1 in Shields
  6495 | D:9      | Reached skill level 2 in Evocations
  6595 | D:9      | Reached skill level 3 in Evocations
  6825 | D:9      | Reached XP level 10. HP: 68/88 MP: 14/14
  6860 | D:9      | Reached ***** piety under Makhleb
  6906 | D:9      | Reached skill level 4 in Evocations
  6939 | D:9      | Found a staircase to the Orcish Mines.
  7076 | D:9      | Noticed an ice statue
  7135 | D:9      | Found a bloodstained altar of Trog.
  7752 | D:10     | Entered Level 10 of the Dungeon
  7759 | D:10     | Noticed Maggie
  7774 | D:10     | Killed Maggie
  7774 | D:10     | Reached skill level 5 in Evocations
  7810 | D:10     | Found an ancient bone altar of Kikubaaqudgha.
  7811 | D:10     | Noticed an oklob plant
  8260 | D:11     | Noticed a lindwurm
  8276 | D:11     | Noticed an elephant
  8276 | D:11     | a lindwurm changed into an elephant
  8290 | D:11     | Killed an elephant
  8329 | D:11     | Noticed a gargoyle
  8337 | D:11     | Killed a gargoyle
  8337 | D:11     | Reached skill level 6 in Evocations
  8422 | D:11     | Noticed a four-headed hydra
  8427 | D:11     | Killed a four-headed hydra
  8427 | D:11     | Reached XP level 11. HP: 97/97 MP: 16/16
  8545 | D:11     | Reached skill level 5 in Throwing
  8777 | D:12     | Reached skill level 7 in Evocations
  9030 | D:12     | Noticed a seven-headed hydra
  9140 | D:12     | Noticed a two-headed ogre
  9164 | D:12     | Killed a two-headed ogre
  9189 | D:12     | Noticed a centaur warrior
  9529 | D:12     | Reached skill level 8 in Evocations
  9653 | D:12     | Noticed a brown ugly thing
  9679 | D:12     | Killed a brown ugly thing
  9739 | D:12     | Killed a seven-headed hydra
 10002 | Orc:1    | Entered Level 1 of the Orcish Mines
 10019 | Orc:1    | Killed an orc sorcerer
 10038 | Orc:1    | Reached ****** piety under Makhleb
 10391 | Orc:1    | Reached skill level 5 in Shields
 10491 | Orc:2    | Entered Level 2 of the Orcish Mines
 10617 | Orc:2    | Found a staircase to the Elven Halls.
 10731 | Orc:2    | Noticed an orc high priest
 10732 | Orc:2    | Noticed an orc high priest
 10733 | Orc:2    | Reached skill level 9 in Evocations
 10755 | Orc:2    | Noticed a soul eater
 10767 | Orc:2    | Noticed a soul eater
 10777 | Orc:2    | Noticed a sun demon
 10814 | Orc:1    | Reached XP level 12. HP: 75/106 MP: 18/18
 10840 | Orc:1    | Killed an orc high priest
 10884 | Orc:1    | Killed an orc high priest
 10936 | Orc:2    | Noticed an orc high priest
 10957 | Orc:2    | Killed an orc high priest
 11122 | Orc:2    | Noticed an orc warlord
 11136 | Orc:2    | Killed an orc warlord
 11136 | Orc:2    | Reached skill level 10 in Evocations
 11151 | Orc:2    | Reached skill level 10 in Polearms
 11675 | Orc:2    | Found Wiocacsa's General Store.
 11676 | Orc:2    | Found Byth's Jewellery Boutique.
 11677 | Orc:2    | Found Gumn's Antique Armour Shop.
 11677 | Orc:2    | Found Fextohox's Antique Weapon Shop.
 11845 | Orc:2    | Found a roughly hewn altar of Beogh.
 11944 | Orc:2    | Found a transporter.
 11960 | Orc:2    | Found a bloodstained altar of Trog.
 11961 | Orc:2    | Noticed diiiiiane's ghost (journeyman DEFE)
 11966 | Orc:2    | Found a transporter.
 11987 | Orc:2    | Identified the cursed +1 great mace of Jifoirog {vorpal,
                  | rElec rPois Int+4 Stlth-}
 12137 | Orc:2    | Noticed a two-headed ogre
 12276 | Orc:2    | Bought a glowing demon trident for 504 gold pieces
 12280 | Orc:2    | Bought a pair of scorched boots for 247 gold pieces
 12290 | Orc:2    | Identified the +3 pair of boots of the Stonemason {+Inv}
                  | (You bought it in a shop on level 2 of the Orcish Mines)
 12445 | Lair:1   | Entered Level 1 of the Lair of Beasts
 12446 | Lair:1   | Identified a scroll of acquirement
 12446 | Lair:1   | Acquired 860 gold pieces
 12514 | Lair:1   | Found a frozen archway.
 12560 | IceCv    | Entered an ice cave
 12740 | IceCv    | Reached skill level 11 in Evocations
 12813 | IceCv    | Killed a reaper
 12956 | Lair:1   | Noticed Harold
 12987 | Lair:1   | Found a runed translucent door.
 12992 | Lair:1   | Noticed Purph's ghost (journeyman MiBe)
 13119 | Lair:1   | Reached XP level 13. HP: 92/117 MP: 21/21
 13730 | Lair:2   | Noticed Sonja
 13748 | Lair:2   | Killed Sonja
 13984 | Lair:2   | Reached skill level 10 in Invocations
 14653 | Lair:3   | Got a faintly glowing broad axe
 14654 | Lair:3   | Identified the cursed +1 broad axe of Gallantry {flame,
                  | rN++ Dex-5} (You found it on level 3 of the Lair of Beasts)
 14667 | Lair:3   | Found a dark tunnel.
 14678 | Volcano  | Entered a volcano
 14753 | Volcano  | Reached skill level 12 in Evocations
 15286 | Lair:3   | Found a staircase to the Snake Pit.
 15721 | Lair:3   | Found a staircase to the Swamp.
 16998 | Lair:5   | Gained mutation: You resist negative energy. (rN+) [Deep
                  | Dwarf growth]
 16998 | Lair:5   | Reached XP level 14. HP: 115/127 MP: 23/23
 17705 | Lair:5   | Reached skill level 10 in Dodging
 17736 | Lair:5   | Reached skill level 13 in Evocations
 17875 | Lair:6   | Entered Level 6 of the Lair of Beasts
 18003 | Lair:6   | Found a staircase to the Slime Pits.
 19469 | D:8      | Bought the +7 broad axe of Dishonesty {speed, rElec Str+4
                  | Dex+5} for 958 gold pieces
 19469 | D:8      | Bought an uncursed ring of poison resistance for 240 gold
                  | pieces
 19610 | Orc:2    | Bought an ichor-stained ring mail for 234 gold pieces
 19620 | Orc:2    | Identified the cursed +1 ring mail "Icrowade" {rElec Str-3
                  | Slay+6 Stlth+} (You bought it in a shop on level 2 of the
                  | Orcish Mines)
 19620 | Orc:2    | Bought a glowing helmet for 195 gold pieces
 19846 | D:13     | Found a white marble altar of Elyvilon.
 20374 | D:13     | Paralysed by a hornet for 1 turns
 20433 | D:13     | Reached XP level 15. HP: 135/135 MP: 25/25
 20529 | D:13     | Identified the ring "Belianat" {rC+ MR+ Dex+4} (You found
                  | it on level 13 of the Dungeon)
 20906 | D:14     | Reached skill level 14 in Evocations
 21537 | D:14     | Found a gate to the Vaults.
 21555 | D:15     | Entered Level 15 of the Dungeon
 21662 | D:15     | Found a gate leading to a gauntlet.
 21712 | Gauntlet | Entered a Gauntlet
 21712 | Gauntlet | Found a transporter.
 21712 | Gauntlet | Found a transporter.
 21732 | Gauntlet | Found a transporter.
 21741 | Gauntlet | Found a transporter.
 21741 | Gauntlet | Found a transporter.
 21741 | Gauntlet | Found a transporter.
 21743 | Gauntlet | Found a transporter.
 21744 | Gauntlet | Found a transporter.
 21755 | Gauntlet | Found a transporter.
 21771 | Gauntlet | Found a transporter.
 21781 | Gauntlet | Found a transporter.
 21795 | Gauntlet | Found a transporter.
 21815 | Gauntlet | Found a transporter.
 21829 | Gauntlet | Found a transporter.
 21945 | Gauntlet | Got a serpentine steel ring
 21964 | Gauntlet | Identified the ring "Qaeviopi" {*Corrode MR++ Str+6 Int+2}
                  | (You found it in a Gauntlet)
 21990 | Gauntlet | Got a jewelled broad axe
 21990 | Gauntlet | Identified the +10 broad axe of Casmoeji {freeze, Str+4
                  | SInv} (You found it in a Gauntlet)
 21997 | Gauntlet | Got a pair of ancient gloves
 22007 | Gauntlet | Identified the +1 pair of gloves "Ogrodoj" {rF+} (You found
                  | it in a Gauntlet)
 22018 | Gauntlet | Identified the +11 arbalest of Bile {flame, rPois rF+}
 22044 | Gauntlet | Got a pitted lead ring
 22044 | Gauntlet | Identified the ring "Olet" {*Corrode rPois rN+++ EV+4 Int-4
                  | Dex+4} (You found it in a Gauntlet)
 22208 | D:15     | Found a staircase to the Depths.
 22850 | Snake:1  | Entered Level 1 of the Snake Pit
 22927 | Snake:1  | Identified the +1 pair of gloves "Puocsip" {+Fly rF+}
 22927 | Snake:1  | Noticed Nikola
 22961 | Snake:1  | Killed Nikola
 23428 | Snake:1  | Reached XP level 16. HP: 144/144 MP: 26/26
 23667 | Snake:1  | Reached skill level 10 in Throwing
 24256 | Snake:2  | Reached skill level 10 in Shields
 24962 | Snake:3  | Noticed Aizul
 24982 | Snake:2  | Killed Aizul
 25223 | Snake:3  | Reached skill level 10 in Fighting
 25328 | Snake:3  | Reached skill level 15 in Evocations
 25480 | Snake:3  | Acquired a manual of Fighting
 25595 | Snake:3  | Found Gyanwase's Food Shop.
 25674 | Snake:3  | Found Nuim's Gadget Boutique.
 25827 | Snake:3  | Found Degum's Armour Emporium.
 26161 | Snake:3  | Found Aniraes's Weapon Shoppe.
 26353 | Snake:4  | Entered Level 4 of the Snake Pit
 26403 | Snake:4  | Identified the +9 executioner's axe of Courage {vorpal, rF+
                  | rC+} (You found it on level 4 of the Snake Pit)
 26501 | Snake:4  | Reached XP level 17. HP: 154/154 MP: 28/28
 27483 | Snake:4  | Got a serpentine rune of Zot
 28437 | Elf:1    | Entered Level 1 of the Elven Halls
 28794 | Elf:1    | Gained mutation: You passively map a large area around you.
                  | [Deep Dwarf growth]
 28794 | Elf:1    | Reached XP level 18. HP: 147/165 MP: 29/29
 29492 | Elf:3    | Entered Level 3 of the Elven Halls
 29685 | Elf:2    | Reached skill level 16 in Evocations
 29843 | Elf:2    | Found a runed translucent gate.
 29858 | Elf:2    | Found a runed translucent gate.
 29858 | Elf:2    | Found a runed translucent gate.
 30179 | Elf:2    | Reached skill level 1 in Axes
 30800 | Elf:3    | Noticed a Brimstone Fiend
 31115 | Elf:3    | Reached XP level 19. HP: 170/175 MP: 31/31
 31189 | Elf:3    | Cast into level 2 of the Abyss (+4 halberd of distortion)
 31227 | Abyss:2  | Found a corrupted altar of Lugonu.
 31278 | Abyss:2  | Reached skill level 5 in Axes
 31322 | Abyss:2  | Found a corrupted altar of Lugonu.
 31343 | Abyss:2  | Got jewelled fire dragon scales
 31344 | Abyss:2  | Identified the +2 fire dragon scales of the Weaver {rF++
                  | rC- Slay+4} (You found it on level 2 of the Abyss)
 31384 | Elf:3    | Escaped the Abyss
 31662 | Elf:3    | Learned a level 2 spell: Passwall
 31758 | Elf:3    | Identified the Collected Works on Earth and Transmutation
 31789 | Elf:3    | Got a coiled jade ring
 31790 | Elf:3    | Identified the ring "Icemab" {*Contam rN+ MR+ MP+9 Str+2}
                  | (You found it on level 3 of the Elven Halls)
 31797 | Elf:3    | Identified the cursed +1 chain mail of Makhleb's Supremacy
                  | {+Inv Slay-3 SInv} (You found it on level 3 of the Elven
                  | Halls)
 31804 | Elf:3    | Got a faintly glowing scale mail
 31814 | Elf:3    | Identified the +6 scale mail "Fatil" {Harm *Drain rN++
                  | Regen+} (You found it on level 3 of the Elven Halls)
 32071 | Orc:2    | Killed diiiiiane's ghost
 32410 | Vaults:1 | Entered Level 1 of the Vaults
 32509 | Vaults:1 | Reached skill level 15 in Invocations
 32537 | Vaults:1 | Found a ruined gateway.
 32584 | Vaults:1 | Found a glowing golden altar of the Shining One.
 32584 | Vaults:1 | Found a white marble altar of Elyvilon.
 32584 | Vaults:1 | Found a glowing silver altar of Zin.
 32591 | Desolati | Entered the Desolation of Salt
 32665 | Desolati | Reached skill level 10 in Armour
 32759 | Desolati | Identified the cursed +0 plate armour of the Scribe {Int+4}
                  | (You found it in the Desolation of Salt)
 32762 | Desolati | Identified the +9 plate armour of Antique Awe {Int+2} (You
                  | found it in the Desolation of Salt)
 32915 | Desolati | Got a scorched bone ring
 32917 | Desolati | Identified the ring "Riathao" {rF+ rN+} (You found it in
                  | the Desolation of Salt)
 32918 | Desolati | Identified the ring "Leraogeps" {Wiz rPois Int+4 Dex+3}
                  | (You found it in the Desolation of Salt)
 32931 | Desolati | Identified the Tome of Ashen Hexes
 32933 | Desolati | Identified Zouz Ufe's Compendium of Mutagenic Creation
 33217 | Desolati | Reached XP level 20. HP: 188/188 MP: 32/32
 33353 | Desolati | Reached skill level 17 in Evocations
 33458 | Desolati | Found the +2 cloak of the Thief {+Fog Slay-2 SInv Stlth+}
 33463 | Desolati | Identified Wusazaew's Tome of Displacement and Attacks
 33500 | Desolati | Identified the ring "Botsuming" {rN+ MR+ AC+4 Int-4 SInv}
                  | (You found it in the Desolation of Salt)
 33516 | Desolati | Identified the Catalogue of Igneous Companions
 33527 | Desolati | Got a pair of smoking boots
 33537 | Desolati | Identified the +1 pair of boots of the Butcher {rF+ MR-
                  | Str+3 Slay+6} (You found it in the Desolation of Salt)
 34357 | Vaults:1 | You fall into a shaft and drop 1 floor!
 34379 | Vaults:3 | Acquired the ring of Jicion {MR+ Int+4 SInv}
 35832 | Vaults:2 | Reached XP level 21. HP: 184/200 MP: 33/33
 36174 | Vaults:3 | Reached skill level 10 in Axes
 36183 | Vaults:3 | Reached skill level 15 in Fighting
 36635 | Vaults:3 | Found a shadowy altar of Dithmenos.
 37178 | Vaults:3 | Found a staircase to the Crypt.
 37685 | Vaults:4 | Reached skill level 15 in Armour
 37908 | Vaults:4 | Reached skill level 18 in Evocations
 38005 | Vaults:4 | Found a glowing golden altar of the Shining One.
 39143 | Swamp:1  | Entered Level 1 of the Swamp
 39160 | Swamp:1  | Reached XP level 22. HP: 211/211 MP: 35/35
 40153 | Swamp:2  | Found a basalt altar of Yredelemnul.
 41158 | Swamp:4  | Entered Level 4 of the Swamp
 41213 | Swamp:4  | Found a runed translucent door.
 41214 | Swamp:4  | Found a shimmering altar of Xom.
 41214 | Swamp:4  | Noticed Kaiern's ghost (adept HOFi)
 41483 | Swamp:4  | Reached skill level 15 in Dodging
 41909 | Swamp:4  | Got a decaying rune of Zot
 42721 | Crypt:1  | Entered Level 1 of the Crypt
 43793 | Crypt:2  | Noticed Sojobo
 43793 | Crypt:2  | Killed from afar by a tengu reaver

Illustrated notes

Levels and vault maps discovered:
D:1:      saegor_arrival_simple_e, layout_basic, serial_forest,
          infiniplex_forest_straight_2, infiniplex_forest_end_3,
          infiniplex_forest_clump_curved, infiniplex_forest_straight_2,
          infiniplex_forest_clump_small, infiniplex_forest_straight_4
D:2:      layout_rooms
D:3:      layout_basic, nicolae_overflow_hidden_temple,
          grunt_temple_overflow_open, gammafunk_temple_overflow_wave,
          feat_on_display, uniq_crazy_yiuf_cottage
D:4:      layout_cave_pools, first_ration, uniq_sigmund
D:5:      layout_basic, kennysheep_mini_moat, temple_doors_ab,
          gup_sewer_entry_pipe, minmay_misc_feat_iff, uniq_eustachio
D:6:      layout_loops_cross
D:7:      layout_loops_ring
D:8:      layout_rooms, david_lair_generic, serial_shops, nicolae_shop_crystal,
          basic_altar
D:9:      layout_irregular_city, lemuel_coloured_pillars_altar, david_orc_4,
          minivault_16, uniq_maurice
D:10:     layout_irregular_city, lemuel_oklob_altar, uniq_maggie
D:11:     layout_big_octagon
D:12:     layout_small_grid
D:13:     minmay_the_grid_square_5x5_4x4
          [minmay_the_grid_square_5x5_half_checkered,
          minmay_the_grid_square_5x5_tri_point,
          minmay_the_grid_square_5x5_three_walls,
          minmay_the_grid_square_5x5_tetrominoes,
          minmay_the_grid_square_5x5_mess,
          minmay_the_grid_square_5x5_prize_gold,
          minmay_the_grid_square_5x5_prize_snowflake,
          minmay_the_grid_square_5x5_detours,
          minmay_the_grid_square_5x5_dogpile,
          minmay_the_grid_square_5x5_prize_junk,
          minmay_the_grid_square_5x5_prize_deathbox,
          minmay_the_grid_square_5x5_misaligned,
          minmay_the_grid_square_5x5_two_small,
          minmay_the_grid_square_5x5_intrusive_squares,
          minmay_the_grid_square_5x5_one_wall,
          minmay_the_grid_square_5x5_inner_z], layout_rooms, elyvilon_altar_4
D:14:     layout_rooms, david_vaults_1, chequers_serial_rivers_marsh,
          hangedman_ranch [blue_anna_fruit_fields], minmay_starry_boxes
D:15:     hangedman_depths_entry_civil_slaughter, layout_loops_cross,
          gauntlet_entry_generic
Temple:   jpeg_temple_clearing
Lair:1:   layout_big_grid, portal_ice_cave_demonic_guard,
          ebering_ghost_inner_flame, patterned_corridor, serial_bayou_shore_b,
          uniq_harold
Lair:2:   layout_gridlike, grunt_megastairs_1, uniq_sonja
Lair:3:   layout_regular_city, nicolae_swamp_entry_splash_gauntlet,
          minmay_snake_entry_guardpost_small, enter_volcano_2
Lair:4:   layout_loops_ring, serial_bayou_shore_a
Lair:5:   onia_ninara_swampy_vault, layout_long_grid
Lair:6:   hangedman_lair_caniforms_friends, layout_cave_shapes,
          guppyfry_lair_end_dragon, minmay_slime_entry_pillars,
          guppyfry_lair_drakes
Swamp:1:  layout_basic_swamp, evilmike_swamp_ruin_rubble_1
Swamp:2:  layout_falls_marsh, nicolae_swamp_godswood
Swamp:3:  layout_falls_marsh, hangedman_swamp_ruin_hall
Swamp:4:  swamp_vile, layout_basic_swamp, ebering_ghost_xom
Snake:1:  layout_cave_pods, uniq_nikola
Snake:2:  layout_chambers, nrook_loot_triangle
Snake:3:  layout_chambers, serial_shops, nicolae_shop_statue_plus, shop, shop,
          shop, evilmike_ambush [evilmike_ambush_outer_corners,
          evilmike_ambush_inner_basic], grunt_megastairs_2, lemuel_fruit_tree,
          uniq_aizul
Snake:4:  snake_pit, layout_cave_shapes, grunt_megastairs_3
Orc:1:    layout_caves
Orc:2:    st_orc_congregation, layout_caves, basic_altar,
          gammafunk_ghost_wrathful_warriors
Elf:1:    elf_arrival_002, layout_gridlike, hangedman_elf_represent
Elf:2:    layout_geoelf_octagon
Elf:3:    minmay_elf_hall_dome, layout_geoelf_octagon
Vaults:1: hangedman_vaults_stitches, ontoclasm_vaults_idyll, v_alt_pattern_3,
          nicolae_vaults_network_periphery, nicolae_vaults_network_star,
          ontoclasm_vaults_chip, vaults_dpeg_diagonal,
          nicolae_vaults_what_the_h, v_rooms_3, vaults_room_pools,
          nicolae_vaults_theta, layout_vaults_ring,
          portal_desolation_entry_holy_temple
Vaults:2: nicolae_vaults_ring_of_whatevers, grunt_vaults_swirl,
          nicolae_vaults_bisected_exclaves, hangedman_vaults_slice,
          hangedman_vaults_maws, ontoclasm_vaults_idyll,
          ontoclasm_vaults_loading_screen, vaults_room_stairs_pillars,
          vaults_dpeg_ring, layout_vaults_big_room
Vaults:3: v_rooms_5, nicolae_vaults_network_quinsquares
          [nicolae_vaults_network_quincunx_subvault,
          nicolae_vaults_network_quincunx_subvault,
          nicolae_vaults_network_quincunx_subvault,
          nicolae_vaults_network_quincunx_subvault],
          nicolae_vaults_stairing_the_circle, st_lines,
          vaults_standard_mumra_enter_the_diamond, nicolae_vaults_shelves_hall,
          nicolae_vaults_asterisk, ontoclasm_vaults_shuriken,
          nicolae_vaults_little_squares_3, hangedman_vaults_nails,
          layout_vaults_omnicross, basic_altar
Vaults:4: v_misc_9, vaults_room_octagon, v_misc_19, ontoclasm_vaults_spin,
          grunt_vaults_funnel, vaults_mumra_minichess, v_misc_13,
          grunt_vaults_twisty, hangedman_vaults_slice, layout_vaults_omnibox,
          basic_altar, uniq_margery
Crypt:1:  layout_basic, grunt_crypt_arrival_guarded_gate
Crypt:2:  layout_gridlike, roderic_lattice_octagonal_star, uniq_sojobo

Skill      XL: |  1  2  3  4  5  6  7  8  9 10 11 12 13 14 15 16 17 18 19 20 21 22 |
---------------+-------------------------------------------------------------------+-----
Polearms       | 3 4 5 6 7 8 9 10 11 12 13 14 | 14.7
Stealth        | 3 |  3.3
Fighting       | 3 4 5 6 7 8 9 10 11 12 13 14 15 16 | 16.0
Throwing       | 1 2 3 4 5 6 7 8 9 11 12 13 14 | 14.5
Armour         | 1 2 3 4 5 7 8 9 11 13 16 17 | 17.2
Dodging        | 4 5 6 7 8 9 10 11 12 13 14 15 | 15.2
Invocations    | 1 3 4 5 7 8 9 10 11 12 13 14 15 16 17 | 17.2
Necromancy     | 1 |  1.3
Evocations     | 3 6 9 11 12 13 14 15 16 17 18 | 18.6
Shields        | 1 3 5 6 7 8 9 10 12 13 14 | 14.3
Axes           | 4 7 9 11 12 | 12.9

Action                   |  1- 3 |  4- 6 |  7- 9 | 10-12 | 13-15 | 16-18 | 19-21 | 22-24 || total
-------------------------+-------+-------+-------+-------+-------+-------+-------+-------++-------
Melee: Spear             |   177 |   183 |       |       |       |       |       |       ||   360
       Trident           |       |    37 |   260 |   676 |       |       |       |       ||   973
       Demon trident     |       |       |       |   107 |  1188 |  1249 |   813 |   516 ||  3873
       Broad axe         |       |       |       |       |     8 |     7 |   803 |   101 ||   919
Throw: Dart              |     7 |   111 |    93 |   103 |     1 |     7 |     1 |       ||   323
       Boomerang         |       |    11 |    24 |   161 |   295 |    94 |    72 |   160 ||   817
       Stone             |       |     7 |       |       |       |       |       |       ||     7
       Javelin           |       |       |       |     1 |    18 |     1 |       |       ||    20
Invok: Lesser Servant of |       |       |     2 |       |       |     2 |       |       ||     4
       Greater Servant o |       |       |       |       |       |       |       |     4 ||     4
 Abil: Heal Wounds       |       |       |       |     2 |       |       |       |       ||     2
       Evoke Invisibilit |       |       |       |       |     1 |       |       |       ||     1
Evoke: Wand              |       |       |    20 |    39 |     7 |     5 |     1 |       ||    72
       Tin of tremorston |       |       |       |     3 |     1 |     4 |       |       ||     8
       Box of beasts     |       |       |       |       |     2 |       |     1 |       ||     3
       Phial of floods   |       |       |       |       |     1 |       |       |       ||     1
  Use: Scroll            |     1 |    13 |     6 |     5 |    16 |     5 |    12 |     4 ||    62
       Potion            |       |       |     2 |     3 |     8 |     3 |     4 |       ||    20
 Stab: Sleeping          |     4 |     1 |     3 |     1 |     5 |    17 |    16 |     5 ||    52
       Distracted        |       |       |       |     1 |     3 |     3 |     1 |     2 ||    10
       Confused          |       |       |       |       |     1 |       |       |       ||     1
  Eat: Chunk             |       |     9 |    11 |    21 |    31 |    15 |    26 |    10 ||   123
       Ration            |       |       |       |       |     1 |     3 |       |     2 ||     6
Armor: Robe              |     9 |     1 |       |       |       |       |       |       ||    10
       Ring mail         |       |    47 |    69 |    11 |    66 |   127 |    19 |       ||   339
       Swamp dragon scal |       |       |       |    99 |   157 |       |       |       ||   256
       Scale mail        |       |       |       |       |       |       |   107 |    58 ||   165
Dodge: Dodged            |    38 |    88 |   117 |   195 |   360 |   325 |   441 |   164 ||  1728
Block: Kite shield       |       |       |     8 |   309 |   597 |   496 |   786 |   236 ||  2432
       Reflection        |       |       |       |    25 |    33 |    96 |    70 |    12 ||   236
